 Dungeon Crawl Stone Soup version 0.31-a0-879-g1609e0ac53 (webtiles) character file.

Game seed: 9204755891101634485

142 Darius099 the Chopper (level 5, -4/45 HPs)
             Began as a Minotaur Fighter on Oct 14, 2023.
             Blown up by Ijyb (14 damage)
             ... with a mindburst bolt
             ... on level 3 of the Dungeon.
             The game lasted 00:06:59 (1297 turns).

Darius099 the Chopper (Minotaur Fighter)            Turns: 1297, Time: 00:07:00

Health: -4/45      AC: 10    Str: 22    XL:     5   Next: 3%
Magic:  4/4        EV:  9    Int:  5    God:
Gold:   92         SH:  4    Dex: 10    Spells: 4/4 levels left

rFire   + + .        a - +0 war axe
rCold   x . .        c - +0 buckler
rNeg    . . .        h - +0 fire dragon scales
rPois   .            (helmet restricted)
rElec   .            b - +0 cloak
rCorr   .            (no gloves)
SInv    .            (no boots)
Will    .....        (no amulet) Stlth
                     (no ring)
HPRegen 0.27/turn    (no ring)
MPRegen 0.09/turn

%: no passive effects
@: no status effects
A: horns 2, retaliatory headbutt
a: no special abilities


You were on level 3 of the Dungeon.
You visited 1 branch of the dungeon, and saw 4 of its levels.

You collected 92 gold pieces.

Inventory:

Hand Weapons
 a - a +0 war axe (weapon)
Missiles
 f - 4 javelins
 i - 2 throwing nets
Armour
 b - a +0 cloak (worn)
 c - a +0 buckler (worn)
 h - +0 fire dragon scales (worn)
Scrolls
 e - 3 scrolls of identify {unknown}
 j - a scroll of enchant weapon {unknown}
 k - 3 scrolls of immolation {unknown}
 m - a scroll of poison {unknown}
 n - a scroll of amnesia {unknown}
 p - a scroll of noise {unknown}
 q - a scroll of vulnerability {unknown}
Potions
 d - 2 potions of might
 g - a potion of haste {unknown}
 l - 2 potions of brilliance {unknown}
 o - a potion of mutation {unknown}


   Skills:
 - Level 3.6 Fighting
 + Level 6.4 Axes
 - Level 3.6 Armour
 - Level 3.6 Shields


You had 4 spell levels left.
You didn't know any spells.
Your spell library contained the following spells:

 Spells                   Type           Power      Damage    Failure   Level
 Apportation              Tloc           0%         N/A       90%         1
 Shock                    Conj/Air       0%         1d3       90%         1
 Jinxbite                 Hex            0%         N/A       97%         2
 Sublimation of Blood     Necr           0%         N/A       97%         2
 Swiftness                Air            0%         N/A       99%         3
 Airstrike                Air            0%         2d(0-16)  100%        4
 Petrify                  Tmut/Erth      0%         N/A       100%        4
 Vhi's Electric Charge    Tloc/Air       0%         N/A       100%        4
 Alistair's Intoxication  Tmut/Pois      0%         N/A       100%        5
 Arcjolt                  Conj/Air       0%         1d10      100%        5
 Irradiate                Conj/Tmut      0%         3d11      100%        5
 Maxwell's Capacitive Co  Air            0%         ∞         100%        8


Dungeon Overview and Level Annotations

Branches:
Dungeon (4/15)
 Temple: D:4-7

Altars:

Annotations:
D:3 Ijyb


Innate Abilities, Weirdness & Mutations

You have a pair of horns on your head.
You reflexively headbutt those who attack you in melee.


Message History

The goblin unwields a +0 sling.
The goblin wields a +0 club.
The goblin hits you but does no damage.
You barely miss Ijyb. You headbutt Ijyb.
Ijyb is moderately wounded.
You miss the goblin.
Ijyb zaps a wand.
Your mind is blasted!
The goblin hits you with a +0 club.
A bat comes into view.
You barely miss Ijyb.
Ijyb is moderately wounded.
You hit the quokka. You barely miss the goblin. You block the quokka's attack.
Ijyb zaps a wand.
You barely resist. The goblin hits you but does no damage.
You block the quokka's attack.
You hit Ijyb. You headbutt Ijyb, but do no damage.
Ijyb is moderately wounded.
You barely miss the goblin. You hit the quokka.
You kill the quokka!
Ijyb zaps a wand.
Your mind is blasted!
* * * LOW HITPOINT WARNING * * *
The goblin hits you but does no damage.
Ijyb zaps a wand.
You barely resist. You block the bat's attack.
The goblin hits you with a +0 club.
* * * LOW HITPOINT WARNING * * *
You see here 7 gold pieces.
The goblin hits you with a +0 club.
* * * LOW HITPOINT WARNING * * *
You hit Ijyb but do no damage.
Ijyb is moderately wounded.
You slash the goblin!
You kill the goblin!
The bat closely misses you. Ijyb closely misses you.
You closely miss the bat. The bat hits you but does no damage. x2
You slash the bat!
You kill the bat!
The rat bites you but does no damage.
You hit the rat but do no damage. The rat closely misses you.
You furiously retaliate!
You headbutt the rat!
You kill the rat!
You hit Ijyb but do no damage. You headbutt Ijyb, but do no damage.
Ijyb is moderately wounded.
Ijyb zaps a wand.
Your mind is blasted!
You die...

.#.###.>## #..#
.......## ##..###
....... ..... ...####
#..# #..## ##..####
....# ###......# .
###.# #....#...# ... #
#.### ##.##<#...#.....
# #...# ##..##@g$.....#
###.#####..#####)$.####
#.........# #...#
#.........# #...#
#.........# #...#
########### #...# #...#
#####


You could see Ijyb.

Vanquished Creatures
  An orc priest (D:3)
  Natasha (D:2)
  An orc wizard (D:3)
  An adder (D:2)
  A worm (D:2)
  2 dart slugs
  2 orcs (D:3)
  3 ball pythons
  3 bats
  2 endoplasms
  2 giant cockroaches (D:1)
  3 goblins
  5 hobgoblins
  3 jackals (D:4)
  4 kobolds
  4 quokkas
  3 frilled lizards
  4 rats
45 creatures vanquished.

Notes
Turn   | Place    | Note
-------+----------+-------------------------------------------
     0 | D:1      | Darius099 the Minotaur Fighter began the quest for the Orb.
     0 | D:1      | Reached XP level 1. HP: 19/19 MP: 0/0
   213 | D:1      | Reached skill level 3 in Axes
   301 | D:1      | Reached XP level 2. HP: 23/26 MP: 1/1
   566 | D:2      | Noticed Natasha
   576 | D:2      | Killed Natasha
   577 | D:2      | Reached skill level 4 in Axes
   577 | D:2      | Reached XP level 3. HP: 18/31 MP: 2/2
   781 | D:2      | Reached skill level 5 in Axes
   807 | D:2      | Found a faded altar of an unknown god.
   885 | D:2      | Reached XP level 4. HP: 39/39 MP: 3/3
   924 | D:2      | You fall into a shaft and drop 2 floors!
  1049 | D:3      | Reached skill level 6 in Axes
  1051 | D:3      | Reached XP level 5. HP: 21/45 MP: 4/4
  1284 | D:3      | Noticed Ijyb
  1297 | D:3      | Blown up by Ijyb

Illustrated notes

Levels and vault maps discovered:
D:1:      lightli_arrival_noodles, layout_basic
D:2:      layout_loops_cross, ebering_ecumenical_altar_webs, uniq_natasha
D:3:      layout_rooms, nicolae_ru_awakened_eye, uniq_ijyb
D:4:      layout_basic, minmay_hollow_rounded_squares, uniq_menkaure

Skill      XL: |  1  2  3  4 |
---------------+-------------+-----
Axes           | 3 4 5 6 |  6.4
Fighting       | |  3.6
Armour         | |  3.6
Shields        | |  3.6

Action                     |  1- 3 |  4- 6 || total
---------------------------+-------+-------++-------
  Melee: War axe           |    64 |    31 ||    95
         Headbutt          |     4 |     9 ||    13
 Armour: Fire dragon scale |    50 |    31 ||    81
         Scale mail        |     2 |       ||     2
  Dodge: Dodged            |    48 |    11 ||    59
  Block: Buckler           |    14 |     8 ||    22

Table legend: (Time is in decaauts)
 A = Elapsed time spent in this place.
 B = Non-inter-level travel time spent in this place.
 C = Inter-level travel time spent in this place.
 D = Time resting spent in this place.
 E = Time spent auto-exploring this place.
 F = Levels seen in this place.
 G = Mean time per level.
                   A        B        C        D        E       F      G
               +--------+--------+--------+--------+--------+-----+--------+
         Total |   1329 |   1329 |      0 |    217 |    326 |   4 |  332.2 |
       Dungeon |   1329 |   1329 |      0 |    217 |    326 |   4 |  332.2 |
               +--------+--------+--------+--------+--------+-----+--------+

Top non-repeatable levels by time:
     D:1: 571 daAuts
     D:2: 379 daAuts
     D:3: 296 daAuts
     D:4: 82 daAuts
